 Dungeon Crawl Stone Soup version 0.20.1-1-g8b1a95d (webtiles) character file.

921 Knicklaso the Skirmisher (level 8, -1/83 HPs)
             Began as an Ogre Warper on July 29, 2017.
             Slain by a gnoll shaman
             ... wielding a +0 whip
              (3 damage)
             ... on level 6 of the Dungeon.
             The game lasted 00:22:47 (7516 turns).

Knicklaso the Skirmisher (Ogre Warper)              Turns: 7516, Time: 00:22:48

Health: -1/83      AC:  5    Str: 18    XL:     8   Next: 10%
Magic:  2/12       EV: 10    Int: 14    God:
Gold:   251        SH:  0    Dex:  8    Spells: 8/12 levels left

rFire    . . .     SeeInvis .   y - +0 blowgun
rCold    . . .     Gourm    .   (no shield)
rNeg     . . .     Faith    .   M - +2 robe {MR+}
rPois    +         Spirit   .   (helmet restricted)
rElec    .         Reflect  .   (no cloak)
rCorr    .         Harm     .   (gloves unavailable)
MR       ++...                  (boots unavailable)
Stlth    +.........             m - amulet of magic regeneration
Regen    0.3/turn               j - ring of poison resistance
MPRegen  0.2/turn               A - ring of protection from magic

@: shrouded (expiring), very slightly contaminated, starving, hasted, very quick
A: unfitting armour, tough skin 1
a: no special abilities


You were on level 6 of the Dungeon.
You were starving.

You visited 1 branch of the dungeon, and saw 6 of its levels.

You collected 251 gold pieces.

Inventory:

Hand Weapons
 w - a +2 antimagic mace
 y - a +0 blowgun (weapon)
 D - a +4 flail of crushing
Missiles
 u - 26 poisoned needles (quivered)
 v - 9 tomahawks
 C - 4 javelins
 F - a throwing net
Armour
 E - a +0 shield
 M - a +2 robe of magic resistance (worn)
Jewellery
 j - a ring of poison resistance (left hand)
 m - an amulet of magic regeneration (around neck)
 A - a ring of protection from magic (right hand)
 L - a cursed -2 ring of dexterity {unknown}
Wands
 s - a wand of iceblast (9/15)
 K - a wand of flame (20/48)
Scrolls
 a - 4 scrolls of remove curse {unknown}
 d - 3 scrolls of blinking
 g - 4 scrolls of identify {unknown}
 h - 3 scrolls of teleportation {unknown}
 i - a scroll of magic mapping {unknown}
 l - 3 scrolls of enchant armour {unknown}
 o - a scroll of fog {unknown}
 q - 3 scrolls of amnesia {unknown}
 z - a scroll of recharging {unknown}
Potions
 e - a potion of might {unknown}
 k - 2 potions of curing {unknown}
 r - 2 potions of brilliance {unknown}
 x - a potion of magic {unknown}
 G - a potion of invisibility {unknown}
 H - a potion of heal wounds {unknown}
Books
 c - a book of Spatial Translocations

   Spells                             Type                      Level
   a - Blink                          Translocation                2
   b - Shroud of Golubria             Charms/Translocation         2
   c - Lesser Beckoning               Translocation                3
   d - Gell's Gravitas                Translocation                3
   e - Teleport Other                 Translocation                3
   f - Passage of Golubria            Translocation                4
 J - a book of Flames

   Spells                             Type                      Level
   a - Flame Tongue                   Conjuration/Fire             1
   b - Throw Flame                    Conjuration/Fire             2
   c - Conjure Flame                  Conjuration/Fire             3
   d - Inner Flame                    Hexes/Fire                   3
   e - Sticky Flame                   Conjuration/Fire             4
   f - Fireball                       Conjuration/Fire             5
Comestibles
 f - 7 bread rations
 n - 2 fruits
 p - 2 meat rations
 t - 4 royal jellies


   Skills:
 + Level 6.2 Fighting
 * Level 6.0 Maces & Flails
 + Level 3.6 Throwing
 - Level 2.1 Dodging
 - Level 0.2 Stealth
 - Level 2.9 Spellcasting
 - Level 0.5 Charms
 - Level 3.2 Translocations


You had 8 spell levels left.
You knew the following spells:

 Your Spells              Type           Power        Failure   Level  Hunger
a - Shroud of Golubria    Chrm/Tloc      #.........   16%         2    ##.....
b - Blink                 Tloc           N/A          9%          2    ##.....


Dungeon Overview and Level Annotations

Branches:
Dungeon (6/15)
 Temple: D:4-7

Altars:
Ashenzari
Dithmenos
Kikubaaqudgha
Makhleb
Zin


Innate Abilities, Weirdness & Mutations

You are too large for most types of armour.
You have tough skin. (AC +1)


Message History

Nothing appears to happen.
The gnoll shaman barely misses you.
Casting: Blink
Confirm with . or Enter, or press ? or * to list all spells.
You blink.
Casting: Blink
Confirm with . or Enter, or press ? or * to list all spells.
You blink.
You are starving!
You don't have the energy to cast that spell.
The shadow imp looks more healthy.
The gnoll shaman looks more healthy.
You don't have the energy to cast that spell.
You don't have the energy to cast that spell.
You feel yourself speed up. The gnoll shaman hits you with a whip!
* * * LOW HITPOINT WARNING * * *
Your shroud bends the shadow imp's attack away.
A bullfrog zombie comes into view.
Your shroud begins to fray at the edges.
The gnoll shaman hits you with a whip.
You die...

##################
#.5...........>..#
#.g......(.......#
#@........)†.....#
#.........)<.....#
#....########+####
#....# #......
#....... #.......Z
##...##..


You could see a gnoll shaman, a shadow imp and a bullfrog zombie.

Vanquished Creatures
  Grinder (D:5)
  Edmund (D:4)
  2 scorpions
  2 howler monkeys (D:5)
  A crimson imp (D:5)
  2 orc wizards
  2 worker ants
  5 gnolls
  A howler monkey skeleton (D:4)
  12 adders
  An ooze (D:2)
  4 worms
  3 dart slugs
  A leopard gecko (D:4)
  18 orcs
  A ball python (D:3)
  10 bats
  5 giant cockroaches
  11 goblins
  9 hobgoblins
  7 jackals
  5 kobolds
  2 quokkas
  5 frilled lizards
  9 rats
120 creatures vanquished.

Vanquished Creatures (others)
  A plant (D:3)
1 creature vanquished.

Grand Total: 121 creatures vanquished

Notes
Turn   | Place    | Note
-------+----------+-------------------------------------------
     0 | D:1      | Knicklaso the Ogre Warper began the quest for the Orb.
     0 | D:1      | Reached XP level 1. HP: 22/22 MP: 3/3
   139 | D:1      | Reached XP level 2. HP: 24/29 MP: 5/5
   146 | D:1      | Learned a level 2 spell: Shroud of Golubria
   149 | D:1      | Learned a level 2 spell: Blink
  1100 | D:1      | Reached XP level 3. HP: 36/37 MP: 6/6
  1805 | D:2      | Reached XP level 4. HP: 32/45 MP: 4/7
  2056 | D:2      | HP: 2/45 [poisoned by an adder]
  2064 | D:2      | HP: 1/45 [poisoned by an adder]
  3171 | D:3      | Reached XP level 5. HP: 39/53 MP: 1/9
  4107 | D:3      | Found a glowing silver altar of Zin.
  4107 | D:3      | Found a shadowy altar of Dithmenos.
  4218 | D:3      | Found a burning altar of Makhleb.
  4218 | D:3      | Found an ancient bone altar of Kikubaaqudgha.
  4463 | D:4      | Noticed Edmund
  5206 | D:4      | Killed Edmund
  5206 | D:4      | Reached XP level 6. HP: 62/63 MP: 2/10
  6354 | D:5      | Entered Level 5 of the Dungeon
  6356 | D:5      | Noticed Grinder
  6372 | D:5      | Killed Grinder
  6372 | D:5      | Reached skill level 5 in Fighting
  6372 | D:5      | Reached skill level 5 in Maces & Flails
  6372 | D:5      | Reached XP level 7. HP: 29/72 MP: 8/11
  7131 | D:5      | Found a shattered altar of Ashenzari.
  7306 | D:5      | Reached XP level 8. HP: 42/83 MP: 10/12
  7515 | D:6      | HP: 2/83 [gnoll shaman/whip (10)]
  7516 | D:6      | Slain by a gnoll shaman

Skill      XL: |  1  2  3  4  5  6  7  8 |
---------------+-------------------------+-----
Maces & Flails | 2 3 4 5 6 |  6.0
Fighting       | 3 4 5 6 |  6.2
Translocations | 3 |  3.2
Throwing       | 2 3 |  3.6
Dodging        | |  2.1
Stealth        | |  0.2
Spellcasting   | |  2.9
Charms         | |  0.5

Action                   |  1- 3 |  4- 6 |  7- 9 || total
-------------------------+-------+-------+-------++-------
Melee: Whip              |   156 |   105 |       ||   261
       Mace              |    10 |   109 |       ||   119
       Flail             |       |    62 |    63 ||   125
 Fire: Blowgun           |       |    43 |     2 ||    45
Throw: Tomahawk          |       |     6 |       ||     6
       Javelin           |       |     4 |       ||     4
 Cast: Shroud of Golubri |     9 |    17 |     6 ||    32
       Blink             |       |    18 |     4 ||    22
  Use: Potion            |       |       |     1 ||     1
 Stab: Sleeping          |       |     1 |       ||     1
  Eat: Chunk             |     4 |    16 |     3 ||    23
Armor: Robe              |    69 |    70 |    11 ||   150
Dodge: Dodged            |   101 |   161 |    57 ||   319
